 Dungeon Crawl Stone Soup version 0.22.1-6-g1668fe2 (webtiles) character file.

84 Tiagovsky the Firebug (level 4, -2/25 HPs)
             Began as a Deep Elf Fire Elementalist on Jan 20, 2019.
             Slain by a gnoll
             ... wielding a +0 spear
              (5 damage)
             ... on level 3 of the Dungeon.
             The game lasted 00:07:46 (2557 turns).

Tiagovsky the Firebug (Deep Elf Fire Elementalist)  Turns: 2557, Time: 00:07:47

Health: -2/25      AC:  2    Str:  6    XL:     4   Next: 23%
Magic:  7/11       EV: 13    Int: 20    God:
Gold:   130        SH:  0    Dex: 15    Spells: 7/10 levels left

rFire    . . .     SeeInvis .   w - +1 dagger (speed)
rCold    . . .     Gourm    .   (no shield)
rNeg     . . .     Faith    .   a - +0 robe
rPois    .         Spirit   .   (no helmet)
rElec    .         Reflect  .   (no cloak)
rCorr    .         Harm     .   (no gloves)
MR       +....                  (no boots)
Stlth    ++........             (no amulet)
HPRegen  0.08/turn              i - ring of protection from magic
MPRegen  0.12/turn              (no ring)

@: very slightly contaminated
A: no striking features
a: no special abilities


You were on level 3 of the Dungeon.
You were not hungry.

You visited 1 branch of the dungeon, and saw 3 of its levels.

You collected 130 gold pieces.

Inventory:

Hand Weapons
 q - a +0 hunting sling
 w - a +1 dagger of speed (weapon)
Missiles
 e - 91 stones
 h - a tomahawk (quivered)
Armour
 a - a +0 robe (worn)
 l - a +0 leather armour
Jewellery
 i - a ring of protection from magic (left hand)
Scrolls
 f - 3 scrolls of remove curse
 m - a scroll of teleportation
Potions
 b - a potion of mutation {unknown}
 g - 2 potions of curing
 j - a potion of agility {unknown}
Comestibles
 c - 3 rations


   Skills:
 + Level 1.3 Fighting
   Level 0.2 Maces & Flails
 - Level 2.4 Dodging
 - Level 2.4 Stealth
 + Level 3.9 Spellcasting
 + Level 2.4 Conjurations
 + Level 3.9 Fire Magic


You had 7 spell levels left.
You knew the following spells:

 Your Spells              Type           Power        Failure   Level  Hunger
a - Flame Tongue          Conj/Fire      ###..        3%          1    None
b - Throw Flame           Conj/Fire      ###...       5%          2    ##.....

Your spell library contained the following spells:

 Spells                   Type           Power        Failure   Level  Hunger
 Conjure Flame            Conj/Fire      ###.....     11%         3    ###....
 Inner Flame              Hex/Fire       ##......     17%         3    ###....
 Sticky Flame             Conj/Fire      ###.....     34%         4    ####...
 Fireball                 Conj/Fire      ###.......   67%         5    ######.


Dungeon Overview and Level Annotations

Branches:
Dungeon (3/15)

Altars:
Ashenzari


Message History

You have a brief vision of globes of primordial fire.
The gnoll hits you from afar with a spear!
Casting: Flame Tongue (safe; 3% risk of failure)
Confirm with . or Enter, or press ? or * to list all spells.
Aiming: Flame Tongue (safe; 3% risk of failure)
Press: ? - help, Shift-Dir - straight line, f/p - gnoll
Aim: a gnoll, wielding a spear (lightly wounded)
The flame tongue hits the gnoll.
The gnoll is heavily wounded.
The gnoll hits you from afar with a spear.
* * * LOW HITPOINT WARNING * * *
Casting: Flame Tongue (safe; 3% risk of failure)
Confirm with . or Enter, or press ? or * to list all spells.
Aiming: Flame Tongue (safe; 3% risk of failure)
Press: ? - help, Shift-Dir - straight line, f/p - gnoll
Aim: a gnoll, wielding a spear (heavily wounded)
The flame tongue hits the gnoll.
The gnoll appears unharmed.
The gnoll is heavily wounded.
The gnoll hits you from afar with a spear.
You die...

.g.. #.# #..
#.#
###gg###.###.#
#..(.........#
#.#.#.##.#####
# #.##g#
#.##g# #.##.#
#.##@# #.##.#
#.##.# #.# #.#
#.# #.# #.#
#.#


You could see 2 gnolls.

Vanquished Creatures
  A gnoll (D:3)
  2 adders
  3 dart slugs (D:1)
  A worm (D:2)
  A leopard gecko (D:1)
  3 giant cockroaches
  10 goblins
  9 hobgoblins
  3 ball pythons
  7 bats
  4 rats
44 creatures vanquished.

Notes
Turn   | Place    | Note
-------+----------+-------------------------------------------
     0 | D:1      | Tiagovsky the Deep Elf Fire Elementalist began the quest
                  | for the Orb.
     0 | D:1      | Reached XP level 1. HP: 10/10 MP: 6/6
   154 | D:1      | Reached XP level 2. HP: 11/16 MP: 4/8
  1452 | D:2      | Reached XP level 3. HP: 20/20 MP: 7/9
  1473 | D:2      | Learned a level 2 spell: Throw Flame
  1555 | D:2      | Found a shattered altar of Ashenzari.
  1651 | D:2      | Reached skill level 1 in Fighting
  2454 | D:3      | Reached XP level 4. HP: 25/25 MP: 7/11
  2557 | D:3      | Slain by a gnoll

Skill      XL: |  1  2  3 |
---------------+----------+-----
Fighting       | 1 |  1.3
Conjurations   | 2 |  2.4
Maces & Flails | |  0.2
Dodging        | |  2.4
Stealth        | |  2.4
Spellcasting   | |  3.9
Fire Magic     | |  3.9

Action                   |  1- 3 |  4- 6 || total
-------------------------+-------+-------++-------
Melee: Dagger            |       |     1 ||     1
Throw: Tomahawk          |    24 |     1 ||    25
       Stone             |     2 |       ||     2
 Cast: Flame Tongue      |    61 |     9 ||    70
       Throw Flame       |     1 |       ||     1
  Use: Scroll            |     5 |       ||     5
  Eat: Chunk             |     4 |     1 ||     5
Armor: Robe              |     1 |     1 ||     2
Dodge: Dodged            |     6 |     3 ||     9
